 Dungeon Crawl Stone Soup version 0.20-b1-14-g8425815 (webtiles) character file.

114 tof the Skirmisher (level 4, -4/38 HPs)
             Began as a Barachi Fighter on May 23, 2017.
             Killed from afar by Natasha (8 damage)
             ... with a magic dart
             ... on level 2 of the Dungeon.
             The game lasted 00:02:54 (1725 turns).

tof the Skirmisher (Barachi Fighter)                Turns: 1725, Time: 00:02:55

Health: -4/38      AC:  7    Str: 22    XL:     4   Next: 98%
Magic:  4/4        EV:  7    Int:  9    God:
Gold:   43         SH:  9    Dex: 12    Spells: 3/3 levels left

rFire    . . .     SeeInvis .   a - +0 flail
rCold    . . .     Gourm    .   c - +0 shield
rNeg     . . .     Faith    .   b - +0 scale mail
rPois    .         Spirit   .   (no helmet)
rElec    .         Reflect  .   (no cloak)
rCorr    .         Harm     .   (no gloves)
MR       .....                  (no boots)
Stlth    ..........             (no amulet)
Regen    0.2/turn               (no ring)
MPRegen  0.1/turn               (no ring)

@: mighty, can't hop, slowed, very slow
A: +LOS, swims, slowness 1, strong legs 1
a: Hop


You were on level 2 of the Dungeon.
You were hungry.

You visited 1 branch of the dungeon, and saw 2 of its levels.

You collected 43 gold pieces.

Inventory:

Hand Weapons
 a - a +0 flail (weapon)
Armour
 b - a +0 scale mail (worn)
 c - a +0 shield (worn)
Scrolls
 e - a scroll of enchant armour {unknown}
 g - a scroll of enchant weapon {unknown}
 l - a scroll of teleportation {unknown}
 n - a scroll of remove curse {unknown}
Potions
 d - a potion of might
 i - 2 potions of curing {unknown}
 j - 2 potions of haste {unknown}
 k - a potion of ambrosia {unknown}
 m - a potion of heal wounds {unknown}
 p - a potion of brilliance {unknown}
Comestibles
 f - 3 bread rations
 h - a royal jelly
 o - 5 chunks of flesh


   Skills:
 * Level 4.8 Fighting
 * Level 3.7 Maces & Flails
 + Level 4.6 Armour
 - Level 3.2 Shields


You had 3 spell levels left.
You didn't know any spells.

Dungeon Overview and Level Annotations

Branches:
Dungeon (2/15)

Altars:
Ru

Annotations:
D:2 Natasha


Innate Abilities, Weirdness & Mutations

Shadows flee at your approach. (+LOS)
You can swim through water.
You cover ground slowly.
You can hop short distances.


Message History

Natasha claws you.
* * * LOW HITPOINT WARNING * * *
You hit Natasha.
Natasha is almost dead.
Natasha howls an incantation.
You feel troubled. Natasha casts a spell at you. The magic dart hits you!
* * * LOW HITPOINT WARNING * * *
You feel very mighty all of a sudden.
You are feeling hungry.
Natasha stares at you and mumbles some strange words.
You feel yourself slow down. Natasha claws you but does no damage.
Natasha barely misses you.
Hop to where?
Press: ? - help, Dir - move target cursor Boing!
Natasha casts a spell at you. The magic dart hits you!
You die...

#.#### ###...#
##.......# #.#
###.#
#.......##### ##.#
#.# #...÷<.......
...# #.#
#.######.#### .###
#.# #.#.. ... ##
#.### ###.####.###
#...# #.#.. ...
###.# #.#.##.##
#@## ###.#.#...#.#
#..###S)b†.$._....
##...#.#.#.#...#.#
###.hS#.#.##.##
###.#b#.. ...
#.#.#### ### ###..
###


You could see Natasha and an adder.

Vanquished Creatures
  Jessica (D:2)
  2 adders
  4 oozes (D:1)
  A worm (D:2)
  A leopard gecko (D:1)
  9 giant cockroaches
  A goblin (D:1)
  A hobgoblin (D:1)
  6 jackals (D:1)
  3 kobolds (D:1)
  12 bats
  A frilled lizard (D:1)
  7 rats
49 creatures vanquished.

Notes
Turn   | Place    | Note
-------+----------+-------------------------------------------
     0 | D:1      | tof the Barachi Fighter began the quest for the Orb.
     0 | D:1      | Reached XP level 1. HP: 18/18 MP: 1/1
     1 | D:1      | Found a runed door.
    20 | D:1      | Reached XP level 2. HP: 15/25 MP: 2/2
   451 | D:1      | Reached XP level 3. HP: 22/30 MP: 3/3
  1081 | D:1      | Reached XP level 4. HP: 38/38 MP: 4/4
  1597 | D:2      | Found a sacrificial altar of Ru.
  1701 | D:2      | Noticed Natasha
  1703 | D:2      | Noticed Jessica
  1716 | D:2      | Killed Jessica
  1725 | D:2      | Killed from afar by Natasha

Skill      XL: |  1  2  3 |
---------------+----------+-----
Armour         | 4 |  4.6
Maces & Flails | 3 |  3.7
Fighting       | 4 |  4.8
Shields        | |  3.2

Action                   |  1- 3 |  4- 6 || total
-------------------------+-------+-------++-------
Melee: Flail             |    96 |    70 ||   166
 Abil: Hop               |       |     1 ||     1
  Use: Potion            |       |     1 ||     1
  Eat: Chunk             |     1 |     2 ||     3
Armor: Scale mail        |    80 |    56 ||   136
Dodge: Dodged            |    54 |    37 ||    91
Block: Shield            |    83 |    56 ||   139
